 Dungeon Crawl Stone Soup version 0.29-a0-369-gd956c00756 (webtiles) character file.

Game seed: 11634259682090827031

5051 timneilson the Blocker (level 10, -8/60 HPs)
             Began as a Gargoyle Fighter on May 1, 2022.
             Was an Elder of Okawaru.
             Mangled by a large abomination (18 damage)
             ... on level 2 of the Abyss.
             The game lasted 00:37:24 (11639 turns).

timneilson the Blocker (Gargoyle Fighter)          Turns: 11639, Time: 00:37:25

Health: -8/60      AC: 28    Str: 23    XL:     10   Next: 56%
Magic:  0/14       EV: 10    Int: 10    God:    Okawaru [****..]
Gold:   691        SH: 13    Dex: 15    Spells: 9/9 levels left

rFire   + . .      SeeInvis .   d - +0 scimitar
rCold   . . .      Faith    .   C - +0 kite shield
rNeg    + . .      Spirit   +   B - +0 plate armour
rPois   ∞          Reflect  .   z - +0 helmet
rElec   +          Harm     .   w - +0 cloak
rCorr   .          Rampage  .   (no gloves)
Will    .....                   h - +0 pair of boots
Stlth   ..........              y - amulet of guardian spirit
HPRegen 0.20/turn               o - +6 ring of dexterity
MPRegen 0.14/turn               A - ring of protection from fire

@: about to teleport, heroic, studying Invocations
A: sickness immunity, AC +7, negative energy resistance 1, electricity
resistance, torment resistance 1, petrification resistance
a: Renounce Religion, Heroism, Finesse


You were on level 2 of the Abyss.
You worshipped Okawaru.
Okawaru was greatly pleased with you.
You visited 1 branch of the dungeon, and saw 10 of its levels.
You visited the Abyss 1 time.

You collected 691 gold pieces.

Inventory:

Hand Weapons
 a - a +1 long sword
 d - a +0 scimitar (weapon)
Armour
 h - a +0 pair of boots (worn)
 w - a +0 cloak (worn)
 z - a +0 helmet (worn)
 B - a +0 plate armour (worn)
 C - a +0 kite shield (worn)
Jewellery
 o - a +6 ring of dexterity (left hand)
 t - a +4 ring of protection
 u - a ring of fire
 y - an amulet of guardian spirit (around neck)
 A - a ring of protection from fire (right hand)
Wands
 f - a wand of paralysis (8)
 j - a wand of flame (10)
 k - a wand of acid (4)
 l - a wand of polymorph (41)
Scrolls
 b - 8 scrolls of identify
 e - 6 scrolls of teleportation
 r - 3 scrolls of blinking
 s - a scroll of noise
Potions
 g - 4 potions of lignification
 i - a potion of magic
 m - 3 potions of heal wounds
 n - a potion of ambrosia
 p - a potion of invisibility
 q - 2 potions of attraction
 v - 2 potions of mutation
 x - 8 potions of curing
Miscellaneous
 c - a phial of floods


   Skills:
 + Level 6.2(11.2) Fighting
 * Level 6.5(11.5) Long Blades
 * Level 8.4(13.4) Armour
 + Level 3.8(8.8) Dodging
 * Level 8.4(13.4) Shields
 + Level 6.3 Invocations
 + Level 4.0 Evocations


You had 9 spell levels left.
You didn't know any spells.
Your spell library contained the following spells:

 Spells                   Type           Power      Damage    Failure   Level
 Magic Dart               Conj           0%         1d3       100%        1
 Scorch                   Fire           0%         2d5       100%        2
 Gell's Gravitas          Tloc           0%         N/A       100%        3
 Mephitic Cloud           Conj/Pois/Air  0%         N/A       100%        3
 Teleport Other           Tloc           0%         N/A       100%        3
 Flame Wave               Conj/Fire      0%         2d4       100%        4
 Fireball                 Conj/Fire      0%         3d3       100%        5
 Iskenderun's Battlesphe  Conj           0%         2d6       100%        5
 Conjure Ball Lightning   Conj/Air       0%         3x3d6     100%        6
 Dispersal                Tloc           0%         N/A       100%        6
 Orb of Destruction       Conj           0%         9d5       100%        7
 Borgnjor's Revivificati  Necr           0%         N/A       100%        8
 Necromutation            Tmut/Necr      0%         N/A       100%        8
 Death's Door             Necr           0%         N/A       100%        9
 Call Imp                 Summ           Unusable   N/A       N/A         2
 Summon Cactus Giant      Summ           Unusable   N/A       N/A         6

Dungeon Overview and Level Annotations

Branches:
Dungeon (10/15)            Temple (0/1) D:7            Lair (0/6) D:8
    Orc: D:9-12

Altars:
Ashenzari
Elyvilon
Fedhas
Gozag
Makhleb
Okawaru
Trog
The Shining One
Beogh

Annotations:
D:6 2 transporters, domi's ghost, novice DsWz
D:7 2 transporters, pigah's ghost, novice OpAE


Innate Abilities, Weirdness & Mutations

You are immune to sickness and miasma.
Your stone body is resilient. (AC +7)
You are immune to poison.
You resist negative energy. (rN+)
You are resistant to electric shocks. (rElec)
You are resistant to unholy torment.
You are immune to petrification.


Message History

The apocalypse crab bites you!
* * * LOW HITPOINT WARNING * * *
Space warps around you.
* * * LOW HITPOINT WARNING * * *
You block the apocalypse crab's attack.
You block the great orb of eyes's attack.
You hit the great orb of eyes but do no damage.
The great orb of eyes is lightly wounded.
You block the large abomination's attack.
The large abomination hits you but does no damage.
Unknown command.
You hit the great orb of eyes.
The great orb of eyes is lightly wounded.
The apocalypse crab bites you but does no damage.
You block the apocalypse crab's attack. The great orb of eyes bites you.
* * * LOW HITPOINT WARNING * * *
Unknown command.
You slash the great orb of eyes!
The great orb of eyes is lightly wounded.
The apocalypse crab closely misses you.
The apocalypse crab claws you but does no damage.
The great orb of eyes bites you but does no damage.
The large abomination hits you.
* * * LOW HITPOINT WARNING * * *
The large abomination hits you but does no damage.
As you read the scroll of teleportation, it crumbles to dust.
You feel strangely unstable.
You feel the power of the Abyss delaying your translocation!
The apocalypse crab bites you but does no damage.
You block the apocalypse crab's attack.
The great orb of eyes bites you but does no damage.
You block the large abomination's attack. x2
You completely miss the great orb of eyes.
The great orb of eyes is lightly wounded.
You block the apocalypse crab's attack. The apocalypse crab barely misses you.
The great orb of eyes pulsates ominously.
You block the great orb of eyes's attack.
You block the large abomination's attack.
The large abomination hits you!!
You die...

# ##.#..#
.#. ##.# ..
. # #.. ...
. .#..##..##
#.
.......##.
#..#
###....# ..
#...
##.....X#.
#..##X.#..##
. #t@#.... #
#G#X..#..#
......#.#.#
..
#.#........
. . # .##
#..#...# .
## . .#.. #
# ###


You could see a great orb of eyes, an apocalypse crab and 2 large abominations.

Vanquished Creatures
  A green death (Abyss:2)
  A yak (D:8)
  A shadow (D:9)
  A ynoxinul (Abyss:1)
  2 water moccasins
  5 black bears
  9 orc warriors
  4 sky beasts
  3 ogres
  An ice beast (D:6)
  A phantom (D:4)
  3 kobold brigands
  4 bullfrogs
  A necrophage (D:5)
  2 gnoll sergeants
  5 scorpions
  A howler monkey (D:8)
  6 electric eels (D:7)
  7 hounds
  2 jellies
  6 orc priests
  Jessica (D:2)
  An iguana (D:6)
  8 orc wizards
  18 gnolls
  13 adders
  2 shadow imps
  3 white imps
  3 worms
  9 dart slugs
  47 orcs
  13 endoplasms
  5 giant cockroaches
  12 goblins
  17 hobgoblins
  7 quokkas
  11 ball pythons
  7 bats
  4 frilled lizards
  22 kobolds
  6 rats
275 creatures vanquished.

Vanquished Creatures (others)
  2 dart slugs (D:7)
  38 fungi (D:8)
  27 plants
67 creatures vanquished.

Grand Total: 342 creatures vanquished

Notes
Turn   | Place    | Note
-------+----------+-------------------------------------------
     0 | D:1      | timneilson the Gargoyle Fighter began the quest for the
                  | Orb.
     0 | D:1      | Reached XP level 1. HP: 14/14 MP: 1/1
   401 | D:1      | Reached XP level 2. HP: 19/19 MP: 2/2
  1084 | D:1      | Reached XP level 3. HP: 10/23 MP: 3/3
  1680 | D:2      | Noticed Jessica
  1740 | D:2      | Killed Jessica
  1741 | D:2      | Reached XP level 4. HP: 10/28 MP: 4/4
  2605 | D:3      | Found a bloodstained altar of Trog.
  2605 | D:3      | Found a white marble altar of Elyvilon.
  2620 | D:3      | Reached skill level 1 in Dodging
  2620 | D:3      | Reached XP level 5. HP: 30/33 MP: 5/5
  2760 | D:3      | Found a faded altar of an unknown god.
  3362 | D:4      | Found an iron altar of Okawaru.
  3362 | D:4      | Found an opulent altar of Gozag.
  3366 | D:4      | Became a worshipper of Warmaster Okawaru
  3457 | D:4      | Noticed a black bear
  3474 | D:4      | Killed a black bear
  3475 | D:4      | Reached XP level 6. HP: 12/38 MP: 6/6
  3796 | D:4      | Reached skill level 1 in Invocations
  3917 | D:4      | Reached * piety under Okawaru
  3922 | D:4      | Reached skill level 1 in Evocations
  3936 | D:4      | Reached XP level 7. HP: 31/43 MP: 7/7
  4077 | D:4      | Found a glowing golden altar of the Shining One.
  4272 | D:4      | Reached skill level 5 in Armour
  4540 | D:4      | Reached skill level 5 in Shields
  4728 | D:5      | Entered Level 5 of the Dungeon
  5518 | D:5      | Reached ** piety under Okawaru
  5597 | D:5      | Reached XP level 8. HP: 45/48 MP: 9/9
  5884 | D:5      | Found a burning altar of Makhleb.
  6563 | D:5      | Identified a scroll of acquirement
  6563 | D:5      | Acquired a manual of Invocations
  6881 | D:6      | Found a transporter.
  6882 | D:6      | Noticed domi's ghost (novice DsWz)
  6883 | D:6      | Found a transporter.
  6884 | D:6      | Identified the +4 great mace of Embarrassment {vamp, MP-9
                  | Int+5 Dex+8 Stlth+}
  7556 | D:6      | Reached skill level 5 in Fighting
  7672 | D:7      | Reached XP level 9. HP: 34/54 MP: 8/11
  7816 | D:7      | Reached skill level 5 in Long Blades
  8190 | D:7      | Found a transporter.
  8194 | D:7      | Found a transporter.
  8195 | D:7      | Noticed pigah's ghost (novice OpAE)
  8272 | D:7      | Found a broken altar of Ashenzari.
  8299 | D:7      | Reached *** piety under Okawaru
  8764 | D:7      | Found a staircase to the Ecumenical Temple.
  8891 | D:7      | Noticed a hornet
  9192 | D:8      | Reached skill level 5 in Invocations
  9259 | D:8      | Reached XP level 10. HP: 43/60 MP: 14/14
  9347 | D:8      | Found a staircase to the Lair.
  9953 | D:8      | Reached **** piety under Okawaru
 10064 | D:8      | Identified the +3 flail "Buxeryh" {vorpal, Will+ rCorr
                  | Str+3}
 10171 | D:9      | Found a blossoming altar of Fedhas.
 11490 | D:10     | Entered Level 10 of the Dungeon
 11525 | D:10     | Cast into level 1 of the Abyss (kobold)
 11534 | Abyss:1  | Noticed a thrashing horror
 11621 | Abyss:2  | Noticed a green death
 11624 | Abyss:2  | Noticed an apocalypse crab
 11624 | Abyss:2  | Noticed a great orb of eyes
 11631 | Abyss:2  | Killed a green death
 11639 | Abyss:2  | Mangled by a large abomination

Illustrated notes

Levels and vault maps discovered:
D:1:      sevenhm_arrival_forest_fort_small_5, layout_basic, amethyst_killhole,
          minmay_pentomino_u4
D:2:      layout_rooms, uniq_jessica
D:3:      layout_loops_ring, gammafunk_temple_overflow_statue,
          ebering_ecumenical_altar_petrified
D:4:      layout_layer_cave, mainiacjoe_overflow_tiny_flanked,
          gammafunk_temple_overflow_wave, grunt_tough_drop
D:5:      corexii_shantytown, layout_loops_corners, bloody_makhleb, st_stairs_1,
          dreamdust_gnoll_farm
D:6:      layout_rooms, gammafunk_ghost_smash, minmay_misc_feat_four_crosses,
          kennysheep_generic_room_8
D:7:      kennysheep_slugbush, layout_basic, evilmike_ruin_ashenzari,
          gammafunk_ghost_hive
D:8:      black_bear_nest_2, layout_gridville, due_lair_maze_entry_diamond
D:9:      layout_loops_ring, fedhas_altar_1, special_room [special_room_orc]
D:10:     layout_small_grid, kennysheep_generic_room_14
Abyss:2:  base:
D:6

Skill      XL: |  1  2  3  4  5  6  7  8  9 10 |
---------------+-------------------------------+-----
Long Blades    | 2 3 4 5 6 |  6.5
Armour         | 4 5 6 7 8 |  8.4
Shields        | 4 5 6 7 8 |  8.4
Dodging        | 1 2 3 |  3.8
Fighting       | 4 5 6 |  6.2
Invocations    | 1 2 3 5 6 |  6.3
Evocations     | 1 2 3 4 |  4.0

Action                   |  1- 3 |  4- 6 |  7- 9 | 10-12 || total
-------------------------+-------+-------+-------+-------++-------
Melee: Long sword        |   136 |   184 |   678 |   230 ||  1228
       Scimitar          |       |       |       |   136 ||   136
Invok: Heroism           |       |       |     5 |     7 ||    12
  Use: Potion            |     3 |       |     3 |       ||     6
       Scroll            |     2 |     5 |     9 |     4 ||    20
Armor: Scale mail        |    92 |   114 |   146 |       ||   352
       Chain mail        |       |       |   270 |   179 ||   449
       Plate armour      |       |       |       |    96 ||    96
Dodge: Dodged            |    68 |    89 |   287 |   154 ||   598
Block: Buckler           |    38 |    55 |   153 |       ||   246
       Kite shield       |       |       |    85 |   285 ||   370

Table legend: (Time is in decaauts)
 A = Elapsed time spent in this place.
 B = Non-inter-level travel time spent in this place.
 C = Inter-level travel time spent in this place.
 D = Time resting spent in this place.
 E = Time spent auto-exploring this place.
 F = Levels seen in this place.
 G = Mean time per level.
                   A        B        C        D        E       F      G
               +--------+--------+--------+--------+--------+-----+--------+
         Total |  11944 |  11693 |    251 |    455 |   8004 |  12 |  995.3 |
       Dungeon |  11831 |  11580 |    251 |    455 |   8004 |  10 | 1183.1 |
         Abyss |    112 |    112 |      0 |      0 |      0 |   2 |   56.0 |
               +--------+--------+--------+--------+--------+-----+--------+

Top non-repeatable levels by time:
     D:5: 1944 daAuts
     D:1: 1644 daAuts
     D:4: 1468 daAuts
     D:7: 1351 daAuts
     D:9: 1341 daAuts
     D:8: 1267 daAuts
     D:6: 1030 daAuts
     D:2: 991 daAuts
     D:3: 755 daAuts
 Abyss:1: 67 daAuts
 Abyss:2: 45 daAuts
    D:10: 37 daAuts
